 Dungeon Crawl Stone Soup version 0.26-a0-1205-g4083c211ab (webtiles) character file.

Game seed: 15064605019520049303

4 CurlyBrace the Sneak (level 1, 4/10 HPs)
             Began as a Felid Delver on Dec 29, 2020.
             Quit the game on level 5 of the Dungeon.
             The game lasted 00:00:22 (14 turns).

CurlyBrace the Sneak (Felid Delver)                   Turns: 14, Time: 00:00:22

Health: 4/10       AC:  1    Str:  8    XL:     1   Next: 50%
Magic:  2/2        EV: 18    Int: 11    God:
Gold:   0          SH:  0    Dex: 17    Spells: 0/0 levels left
                                        Lives:  0   Deaths: 0

rFire    . . .     SeeInvis +     - Unarmed
rCold    . . .     Faith    .   (shield unavailable)
rNeg     . . .     Spirit   .   (armour unavailable)
rPois    .         Reflect  .   (helmet unavailable)
rElec    .         Harm     .   (cloak unavailable)
rCorr    .         Rampage  .   (gloves unavailable)
Will     .....                  (boots unavailable)
Stlth    ++++......             (no amulet)
HPRegen  0.03/turn              (no ring)
MPRegen  0.08/turn              (no ring)

@: quick
A: very small, no armour, no weapons or thrown items, stealth, claws 1, fangs 3,
see invisible, speed 1, shaggy fur 1, sharp paws
a: no special abilities


You were on level 5 of the Dungeon.
You visited 1 branch of the dungeon, and saw 2 of its levels.

Inventory:

Wands
 v - a wand of digging (3)
Scrolls
 a - a scroll of fog
 c - a scroll of fear
Potions
 h - a potion of haste


   Skills:
 - Level 3.0 Fighting
 + Level 2.8 Dodging
 + Level 6.6 Stealth
 * Level 2.2 Unarmed Combat


You couldn't memorise any spells.
You didn't know any spells.
Your spell library was empty.

Dungeon Overview and Level Annotations

Branches:
Dungeon (6/15)
 Temple: D:4-7

Altars:


Innate Abilities, Weirdness & Mutations

You cannot wear armour.
You are incapable of wielding weapons or throwing items.
Your paws allow you to move quietly. (Stealth)
You have sharp claws.
You have razor-sharp teeth.
You have supernaturally acute eyesight. (SInv)
You cover ground quickly.
You are covered in fur. (AC +1)
Your sharp claws are effective at attacking unaware monsters.


Message History

Things that are here:
a +0 flail; an orc corpse You scratch the orc.
The orc is lightly wounded.
The orc hits you.
You scratch the orc.
The orc is almost dead.
The orc closely misses you.
You completely miss the orc.
The orc is almost dead.
The orc completely misses you.
You barely miss the orc.
The orc is almost dead.
The orc closely misses you.
You scratch the orc.
You kill the orc!
As you read the scroll of magic mapping, it crumbles to dust.
You feel aware of your surroundings.
You sensed 1 altar.
Unknown command.
Are you sure you want to abandon this character and quit the game? (Confirm with "yes".)

,,,,,****,,,,,*,**,,* *,*
,,,,,,,,*,,...#.**..******,*
,,,,,**,*,,,..#.#*(.,,,,,,,*
,,,,,**,*,**#.#.##.,************
,,,,,**,*,* #......,**,,,,,,,,,*
*******,*,* #.....,,,#,****,****
*******,*,* #....#*#.#.# *,*
,,,,,,,,*,* #....#.....# *,*
********#.###...@......# *,* *
*,,,.......>.#####.# *,* *
*,**#.######.......* *,*
*****,***,* ########* *,*
,,,,,,,,,,* *,* ,****,***** *,*
,,,,,,,,,,* ********** *,*
*******,*,* *,,,,,,,,*****,*
,,,,,,*,*,* *,****,,,,,,,,,*


There were no monsters in sight!

Vanquished Creatures
  2 orcs (D:5)
2 creatures vanquished.

Notes
Turn   | Place    | Note
-------+----------+-------------------------------------------
     0 | D:5      | CurlyBrace the Felid Delver began the quest for the Orb.
     0 | D:5      | Reached XP level 1. HP: 10/10 MP: 2/2
    14 | D:5      | Quit the game

Illustrated notes

Levels and vault maps discovered:
D:5:      layout_basic, grunt_dithmenos_smoke
D:6:      layout_loops_cross, grunt_temple_overflow_diamond,
          minmay_ruined_shrine

Action                   || total
-------------------------++-------
Melee: Unarmed           ||     8
       Bite              ||     1
  Use: Scroll            ||     1
Dodge: Dodged            ||     6

Table legend: (Time is in decaauts)
 A = Elapsed time spent in this place.
 B = Non-inter-level travel time spent in this place.
 C = Inter-level travel time spent in this place.
 D = Time resting spent in this place.
 E = Time spent auto-exploring this place.
 F = Levels seen in this place.
 G = Mean time per level.
                   A        B        C        D        E       F      G
               +--------+--------+--------+--------+--------+-----+--------+
         Total |     13 |     13 |      0 |      0 |      0 |   2 |    6.5 |
       Dungeon |     13 |     13 |      0 |      0 |      0 |   2 |    6.5 |
               +--------+--------+--------+--------+--------+-----+--------+

Top non-repeatable levels by time:
     D:5: 11 daAuts
     D:6: 1 daAuts
